 Dungeon Crawl Stone Soup version 0.20.1-2-g1830e616b0 (webtiles) character file.

2047 Alfie the Archer (level 9, -1/78 HPs)
             Began as a Minotaur Hunter on Feb 6, 2020.
             Slain by a hog (13 damage)
             ... on level 7 of the Dungeon.
             The game lasted 00:22:47 (5945 turns).

Alfie the Archer (Minotaur Hunter)                  Turns: 5945, Time: 00:22:48

Health: -1/78      AC:  8    Str: 19    XL:     9   Next: 4%
Magic:  7/7        EV: 13    Int:  8    God:
Gold:   144        SH:  0    Dex: 12    Spells: 6/8 levels left

rFire    . . .     SeeInvis .   a - +1 shortbow
rCold    . . .     Gourm    .   (shield currently unavailable)
rNeg     . . .     Faith    .   c - +1 leather armour
rPois    .         Spirit   .   (helmet restricted)
rElec    .         Reflect  .   (no cloak)
rCorr    .         Harm     .   (no gloves)
MR       .....                  l - +0 pair of boots
Stlth    +.........             (no amulet)
Regen    0.3/turn               g - +3 ring of protection
MPRegen  0.1/turn               (no ring)

@: no status effects
A: retaliatory headbutt, horns 2, talons 1, low mp 1, MP-powered wands
a: no special abilities


You were on level 7 of the Dungeon.
You were not hungry.

You visited 1 branch of the dungeon, and saw 7 of its levels.

You collected 316 gold pieces.
You spent 172 gold pieces at shops.

Inventory:

Hand Weapons
 a - a +1 shortbow (weapon)
 b - a +1 short sword
Missiles
 d - 28 arrows (quivered)
 j - 24 poisoned needles
Armour
 c - a +1 leather armour (worn)
 l - a +0 pair of boots (worn)
Jewellery
 g - a +3 ring of protection (left hand)
 i - an uncursed amulet of rage
Scrolls
 e - a scroll of teleportation
 k - 3 scrolls of blinking
 n - 3 scrolls of identify
 q - 5 scrolls of remove curse
 v - 2 scrolls of recharging
 z - 3 scrolls of fog
Potions
 h - 2 potions of mutation
 o - a potion of might
 p - 2 potions of agility {unknown}
 s - a potion of heal wounds {unknown}
 t - a potion of berserk rage {unknown}
 u - a potion of haste
 w - a potion of flight {unknown}
 A - a potion of magic
 B - a potion of resistance {unknown}
Books
 r - a book of Changes

   Spells                             Type                      Level
   a - Beastly Appendage              Transmutation                1
   b - Sticks to Snakes               Transmutation                2
   c - Spider Form                    Transmutation/Poison         3
   d - Ice Form                       Ice/Transmutation            4
   e - Blade Hands                    Transmutation                5
Comestibles
 f - 4 bread rations
 m - 5 meat rations
 C - a royal jelly


   Skills:
 + Level 6.7 Fighting
 + Level 4.4 Short Blades
 + Level 9.8 Bows
 + Level 4.2 Armour
 + Level 4.4 Dodging
 + Level 1.4 Stealth


You had 6 spell levels left.
You knew the following spells:

 Your Spells              Type           Power        Failure   Level  Hunger
a - Sticks to Snakes      Tmut           #.......     58%         2    ###....


Dungeon Overview and Level Annotations

Branches:
Dungeon (7/15)             Temple (0/1) D:6

Altars:
Ashenzari
Cheibriados
Elyvilon
Gozag
Makhleb
Nemelex Xobeh
Vehumet
Xom
Zin
The Shining One

Shops:
D:5 !   D:6 %


Innate Abilities, Weirdness & Mutations

You reflexively headbutt those who attack you in melee.
You have a pair of horns on your head.
You have sharp toenails.
Your magical capacity is low. (-10% MP)
You expend magic power (3 MP) to strengthen your wands.


Message History

* * * LOW HITPOINT WARNING * * *
The hog bites you but does no damage.
Firing (i - inventory):
d - 31 arrows (quivered)
Press: ? - help, Shift-Dir - straight line, f - hog
Aim: a hog (severely wounded)
You shoot an arrow. The arrow hits the hog.
The hog is almost dead.
The hog bites you.
* * * LOW HITPOINT WARNING * * *
The hog bites you but does no damage.
Firing (i - inventory):
d - 30 arrows (quivered)
Press: ? - help, Shift-Dir - straight line, f/p - hog
Aim: a hog (almost dead)
You shoot an arrow. The arrow barely misses the hog.
The hog misses you. The hog bites you but does no damage. The hog misses you.
Firing (i - inventory):
d - 29 arrows (quivered)
Press: ? - help, Shift-Dir - straight line, f/p - hog
Aim: a hog (almost dead)
You shoot an arrow. The arrow barely misses the hog.
The hog bites you!
You die...

##.##....#########
#...#............
#...#...###.###.#
#...###.......#.######
..... ##......#......#
.... ##.......####...
###.###..# #.# ##.##
#.# #h@(#
##.####h#####
#.....#(.#..#
#..<.##.(#..#
##...##..'..#
###..#%.#..# ..#(%#..#
#.####### #.


You could see 2 hogs.

Vanquished Creatures
  A hog (D:7)
  A yak (D:7)
  A human (D:7)
  A water moccasin (D:6)
  A black bear (D:4)
  An orc warrior (D:5)
  2 sky beasts (D:5)
  An ogre (D:4)
  The ghost of Alfie the Shooter, an amateur MiHu (D:3)
  A necrophage (D:6)
  2 scorpions (D:6)
  A crimson imp (D:6)
  A hound (D:6)
  2 orc priests (D:6)
  A centaur skeleton (D:6)
  2 jellies
  3 orc wizards (D:6)
  Natasha (thrice) (D:3)
  2 iguanas (D:5)
  6 worker ants
  2 hound skeletons (D:5)
  8 adders
  A shadow imp (D:5)
  3 oozes
  5 worms
  3 dart slugs (D:1)
  4 leopard geckos
  13 orcs
  2 ball pythons
  12 giant cockroaches
  6 goblins
  8 hobgoblins
  13 jackals
  4 quokkas
  10 bats
  5 frilled lizards
  6 kobolds
  A leopard gecko skeleton (D:4)
  6 rats
146 creatures vanquished.

Vanquished Creatures (others)
  A quokka (D:6)
1 creature vanquished.

Grand Total: 147 creatures vanquished

Notes
Turn   | Place    | Note
-------+----------+-------------------------------------------
     0 | D:1      | Alfie the Minotaur Hunter began the quest for the Orb.
     0 | D:1      | Reached XP level 1. HP: 18/18 MP: 0/0
    25 | D:1      | Reached XP level 2. HP: 25/25 MP: 1/1
   118 | D:1      | Reached skill level 5 in Bows
   263 | D:1      | Reached XP level 3. HP: 30/30 MP: 2/2
   864 | D:2      | Found a shattered altar of Ashenzari.
  1091 | D:2      | Reached XP level 4. HP: 35/38 MP: 3/3
  1138 | D:2      | Reached skill level 1 in Armour
  2041 | D:3      | Reached skill level 6 in Bows
  2155 | D:3      | Found a glowing silver altar of Zin.
  2155 | D:3      | Found an opulent altar of Gozag.
  2200 | D:3      | Noticed Natasha
  2207 | D:3      | Killed Natasha
  2207 | D:3      | Reached skill level 1 in Short Blades
  2207 | D:3      | Reached XP level 5. HP: 41/45 MP: 4/4
  2335 | D:3      | Noticed Natasha
  2351 | D:3      | Killed Natasha
  2656 | D:3      | Noticed Natasha
  2667 | D:3      | Killed Natasha
  2687 | D:3      | Noticed Alfie's ghost (amateur MiHu)
  2754 | D:3      | Gained mutation: Your magical capacity is low. (-10% MP) [potion of mutation]
  2754 | D:3      | Gained mutation: You expend magic power (3 MP) to strengthen your wands. [potion of mutation]
  2754 | D:3      | Gained mutation: You have sharp toenails. [potion of mutation]
  2757 | D:3      | Killed Alfie's ghost
  2757 | D:3      | Reached XP level 6. HP: 5/52 MP: 4/4
  3080 | D:4      | Reached skill level 7 in Bows
  3334 | D:4      | Reached XP level 7. HP: 60/60 MP: 5/5
  3499 | D:4      | Learned a level 2 spell: Sticks to Snakes
  3648 | D:4      | Found a shimmering altar of Xom.
  3649 | D:4      | Found a glowing golden altar of the Shining One.
  3692 | D:4      | Reached skill level 1 in Stealth
  4012 | D:5      | Entered Level 5 of the Dungeon
  4078 | D:5      | Found a sparkling altar of Nemelex Xobeh.
  4090 | D:5      | Found a radiant altar of Vehumet.
  4158 | D:5      | Found a snail-covered altar of Cheibriados.
  4311 | D:5      | Found Zietsyos's Distillery.
  4320 | D:5      | Bought a potion of curing for 36 gold pieces
  4320 | D:5      | Bought a potion of curing for 36 gold pieces
  4546 | D:5      | Reached skill level 5 in Fighting
  4588 | D:5      | Reached skill level 8 in Bows
  4930 | D:5      | Reached XP level 8. HP: 33/68 MP: 6/6
  5100 | D:6      | Reached skill level 9 in Bows
  5178 | D:6      | Found a burning altar of Makhleb.
  5306 | D:6      | Found a staircase to the Ecumenical Temple.
  5395 | D:6      | Found Ulucrall's Food Emporium.
  5399 | D:6      | Bought a meat ration for 50 gold pieces
  5399 | D:6      | Bought a meat ration for 50 gold pieces
  5580 | D:6      | Found a white marble altar of Elyvilon.
  5941 | D:7      | Reached XP level 9. HP: 11/78 MP: 7/7
  5945 | D:7      | Slain by a hog

Skill      XL: |  1  2  3  4  5  6  7  8 |
---------------+-------------------------+-----
Bows           | 5 6 7 8 9 |  9.8
Fighting       | 3 4 5 6 |  6.7
Armour         | 1 2 3 4 |  4.2
Short Blades   | 1 3 4 |  4.4
Dodging        | 3 4 |  4.4
Stealth        | 1 |  1.4

Action                   |  1- 3 |  4- 6 |  7- 9 || total
-------------------------+-------+-------+-------++-------
Melee: Short sword       |     5 |   132 |   125 ||   262
       Headbutt          |       |    17 |    29 ||    46
       Kick              |       |     7 |       ||     7
 Fire: Shortbow          |   103 |    89 |   167 ||   359
  Use: Scroll            |       |     8 |     4 ||    12
       Potion            |       |     7 |     2 ||     9
 Stab: Sleeping          |       |     1 |       ||     1
  Eat: Meat ration       |       |     1 |     1 ||     2
       Bread ration      |       |     1 |     1 ||     2
Armor: Leather armour    |     6 |    43 |    72 ||   121
Dodge: Dodged            |    16 |   115 |   116 ||   247
